 Dungeon Crawl Stone Soup version 0.31-a0-259-g771a54ca4b (webtiles) character file.

Game seed: 12828227180454811156

413 qw the Shooter (level 6, -3/52 HPs)
             Began as a Minotaur Hexslinger on July 13, 2023.
             Slain by a gnoll
             ... wielding a +1 flail of holy wrath
              (8 damage)
             ... on level 5 of the Dungeon.
             The game lasted 00:01:31 (3639 turns).

qw the Shooter (Minotaur Hexslinger)                Turns: 3639, Time: 00:01:31

Health: -3/52      AC:  9    Str: 13    XL:     6   Next: 59%
Magic:  6/6        EV: 11    Int: 10    God:
Gold:   82         SH:  0    Dex: 14    Spells: 6/7 levels left

rFire   + . .        Y - +1 sling
rCold   . . .        (no shield)
rNeg    . . .        e - +2 ring mail {rF+}
rPois   .            (helmet restricted)
rElec   .            (no cloak)
rCorr   .            h - +0 pair of gloves
SInv    .            f - +0 pair of boots
Will    .....        d - amulet of the acrobat
Stlth   +            (no ring)
HPRegen 0.28/turn    (no ring)
MPRegen 0.10/turn

%: acrobat
@: about to teleport
A: horns 2, retaliatory headbutt
a: no special abilities


You were on level 5 of the Dungeon.
You visited 1 branch of the dungeon, and saw 5 of its levels.

You collected 218 gold pieces.
You spent 136 gold pieces at shops.


Innate Abilities, Weirdness & Mutations

You have a pair of horns on your head.
You reflexively headbutt those who attack you in melee.


   Skills:
 - Level 4.3 Fighting
 + Level 6.6 Ranged Weapons
 - Level 1.0 Armour
 - Level 2.1 Dodging
 - Level 1.0 Spellcasting
 - Level 2.0 Hexes


You had 6 spell levels left.
You knew the following spells:

 Your Spells              Type           Power      Damage    Failure   Level
a - Slow                  Hex            16%        N/A       32%         1

Your spell library contained the following spells:

 Spells                   Type           Power      Damage    Failure   Level
 Inner Flame              Hex/Fire       2%         N/A       82%         3
 Portal Projectile        Hex/Tloc       4%         N/A       82%         3
 Cause Fear               Hex            2%         N/A       97%         4

Inventory:

Hand Weapons
 Y - a +1 sling (weapon)
Armour
 e - a +2 ring mail of fire resistance (worn)
 f - a +0 pair of boots (worn)
 h - a +0 pair of gloves (worn)
Jewellery
 d - an amulet of the acrobat (around neck)
Scrolls
 a - a scroll of identify
Potions
 b - a potion of curing
 g - a potion of resistance
 i - a potion of might
 k - a potion of haste

Dungeon Overview and Level Annotations

Branches:
Dungeon (5/15)
 Temple: D:4-7

Altars:
Nemelex Xobeh
Qazlal

Shops:
D:1 ?   D:3 [   D:4 *

Portals:
Abyss: D:3

Annotations:
D:3 2 transporters, qw's ghost, amateur GrHs


Message History

Blork the orc hits you with a +0 short sword.
A scorpion comes into view.
Blork the orc closely misses you.
You shoot a sling bullet.
The sling bullet barely misses Blork the orc.
Blork the orc points at you and mumbles some strange words.
The puff of flame hits you. You resist.
A gnoll comes into view. It is wielding a +0 spear.
You shoot a sling bullet. The sling bullet hits Blork the orc.
Blork the orc is almost dead.
Blork the orc casts a cantrip, but nothing happens.
Blork the orc looks braver for a moment.
The gnoll hits you with a +0 whip!
A quokka comes into view.
You shoot a sling bullet.
The sling bullet barely misses Blork the orc.
Blork the orc hits you but does no damage.
Blork the orc screams, "I'll make a cloak from your skin!"
Blork the orc hits you with a +0 short sword.
The gnoll barely misses you.
You shoot a sling bullet.
The sling bullet hits Blork the orc but does no damage.
Blork the orc is almost dead.
Blork the orc hits you but does no damage.
The gnoll closely misses you. The gnoll barely misses you.
Blork the orc hits you with a +0 short sword.
You shoot a sling bullet. The sling bullet hits Blork the orc.
You kill Blork the orc!
The gnoll hits you with a +1 flail of holy wrath.
The gnoll barely misses you.
The scorpion stings you but does no damage.
The gnoll closely misses you. You furiously retaliate!
You headbutt the gnoll! The gnoll hits you with a +0 whip.
3639 ||| READING scroll of teleportation.
As you read the scroll of teleportation, it crumbles to dust.
You feel strangely unstable. The scorpion misses you.
The gnoll hits you from afar with a +0 spear.
The gnoll hits you with a +1 flail of holy wrath!
You die...

#... ......
##...##.... ##.
#.........#....
#........#....
#.........#.##
#..$gr.......
#..sg...#...
#g@)##.......
##....>.....
##..##...)........
####.......##.......
#.....##....#.......
#.....##............
#......#............
##...................
#...................#


You could see a scorpion, 3 gnolls and a quokka.

Vanquished Creatures
  Blork the orc (D:5)
  A scorpion (D:4)
  2 orc priests (D:4)
  Jessica (D:2)
  An orc wizard (D:4)
  4 adders
  4 gnolls (D:4)
  An ufetubus (D:5)
  A dart slug (D:1)
  12 orcs
  5 ball pythons
  3 endoplasms
  8 giant cockroaches
  9 goblins
  3 hobgoblins
  6 kobolds
  5 quokkas
  6 bats
  3 frilled lizards (D:2)
  14 rats
90 creatures vanquished.

Notes
Turn   | Place    | Note
-------+----------+-------------------------------------------
     0 | D:1      | qw the Minotaur Hexslinger began the quest for the Orb.
     0 | D:1      | Reached XP level 1. HP: 16/16 MP: 1/1
     0 | D:1      | 0 ||| qw: Version: 0.3-a-52-g30416fa
     0 | D:1      | 0 ||| qw: Game counter: 6915
     0 | D:1      | 0 ||| qw: Melee chars always use a shield: true
     0 | D:1      | 0 ||| qw: God list: Okawaru
     0 | D:1      | 0 ||| qw: Allow faded altars: false
     0 | D:1      | 0 ||| qw: Do Orc after clearing Dungeon:15 true
     0 | D:1      | 0 ||| qw: Do second Lair branch before Depths: true
     0 | D:1      | 0 ||| qw: Lair rune preference: random
     0 | D:1      | 0 ||| qw: Goals: Normal
     0 | D:1      | 0 ||| PLANNING D:1-11
    70 | D:1      | 70 ||| FLEEEEING.
    91 | D:1      | Reached skill level 3 in Ranged Weapons
   160 | D:1      | Reached XP level 2. HP: 23/23 MP: 2/2
   408 | D:1      | You fall into a shaft and drop 1 floor!
   457 | D:2      | 457 ||| UPGRADING to +0 leather armour.
   467 | D:2      | 467 ||| DROPPING +0 robe.
   468 | D:2      | 468 ||| READING scroll labelled UPYEDI IWUFF.
   469 | D:2      | 469 ||| READING scroll labelled TAGITYACID.
   470 | D:2      | 470 ||| READING scroll labelled ELON KODAMUI.
   471 | D:2      | 471 ||| DROPPING scroll of poison.
   474 | D:2      | Reached XP level 3. HP: 29/29 MP: 3/3
   495 | D:2      | 495 ||| FLEEEEING.
   496 | D:2      | 496 ||| STAIRDANCE
   762 | D:1      | Found Alasmaill's Magic Scroll Boutique.
   766 | D:1      | 766 ||| SHOPLISTING scroll of acquirement (520 gold, have
                  | 45).
   766 | D:1      | 766 ||| BUYING scroll of identify (20 gold).
   766 | D:1      | Bought a scroll of identify for 20 gold pieces
   980 | D:1      | 980 ||| READING scroll labelled ZEHENL WEOPH.
   981 | D:1      | 981 ||| READING scroll labelled BENGUA YWEH.
   984 | D:1      | 984 ||| READING 2 scrolls of identify.
   984 | D:1      | 984 ||| IDENTIFYING sedimented coppery potion
   985 | D:1      | 985 ||| DROPPING potion of brilliance.
  1018 | D:2      | 1018 ||| STAIRDANCE
  1084 | D:2      | Noticed Jessica
  1096 | D:2      | Killed Jessica
  1097 | D:2      | Reached skill level 4 in Ranged Weapons
  1221 | D:2      | Reached XP level 4. HP: 36/36 MP: 4/4
  1494 | D:2      | 1494 ||| UPGRADING to +2 robe of fire resistance.
  1504 | D:2      | 1504 ||| UPGRADING to +2 ring mail of fire resistance.
  1514 | D:2      | 1514 ||| DROPPING +2 robe of fire resistance.
  1515 | D:2      | 1515 ||| DROPPING +0 leather armour.
  1516 | D:2      | 1516 ||| UPGRADING to amulet of the acrobat.
  1521 | D:2      | 1521 ||| READING 2 scrolls labelled PEWEIKLUHU.
  1522 | D:2      | 1522 ||| READING 2 scrolls of identify.
  1522 | D:2      | 1522 ||| IDENTIFYING coppery potion
  1523 | D:2      | 1523 ||| DROPPING scroll of revelation.
  1524 | D:2      | 1524 ||| DROPPING potion of invisibility.
  1658 | D:3      | Found a transporter.
  1855 | D:3      | Reached skill level 1 in Armour
  1927 | D:3      | Found the +8 demon trident "Rift" {distort, reach+}
  1928 | D:3      | Found a transporter.
  1929 | D:3      | Found a one-way gate to the infinite horrors of the Abyss.
  1929 | D:3      | Noticed qw's ghost (amateur GrHs)
  1931 | D:3      | Noticed a kobold brigand
  2305 | D:3      | Found Gaulyury's Armour Emporium.
  2309 | D:3      | 2309 ||| BUYING +0 pair of boots (58 gold).
  2309 | D:3      | Bought a +0 pair of boots for 58 gold pieces
  2309 | D:3      | 2309 ||| BUYING +0 pair of gloves (58 gold).
  2309 | D:3      | Bought a +0 pair of gloves for 58 gold pieces
  2309 | D:3      | 2309 ||| SHOPLISTING +1 pair of boots of rampaging (214
                  | gold, have 29).
  2309 | D:3      | 2309 ||| SHOPLISTING +1 robe "Wuefe" {Regen+ Int-3 Dex+4}
                  | (192 gold, have 29).
  2326 | D:3      | Reached skill level 5 in Ranged Weapons
  2327 | D:3      | 2327 ||| UPGRADING to +0 pair of boots.
  2332 | D:3      | 2332 ||| UPGRADING to +0 pair of gloves.
  2337 | D:3      | 2337 ||| READING 2 scrolls of identify.
  2337 | D:3      | 2337 ||| IDENTIFYING black potion
  2396 | D:4      | 2396 ||| PLANNING OSSUARY
  2508 | D:4      | Noticed a scorpion
  2527 | D:4      | Reached skill level 3 in Fighting
  2527 | D:4      | Reached XP level 5. HP: 33/45 MP: 5/5
  2536 | D:4      | 2536 ||| FLEEEEING.
  2607 | D:4      | HP: 8/45 [orc priest/divine providence (12)]
  2608 | D:4      | 2608 ||| READING scroll of teleportation.
  2609 | D:4      | 2609 ||| DRINKING potion of heal wounds.
  2610 | D:4      | Found a sparkling altar of Nemelex Xobeh.
  2693 | D:4      | Found a stormy altar of Qazlal.
  2713 | D:4      | Reached skill level 6 in Ranged Weapons
  2730 | D:4      | 2730 ||| FLEEEEING.
  2731 | D:4      | 2731 ||| FLEEEEING.
  2732 | D:4      | 2732 ||| FLEEEEING.
  2734 | D:4      | 2734 ||| FLEEEEING.
  2775 | D:4      | HP: 11/45 [gnoll/+0 spear (3)]
  2776 | D:4      | Reached XP level 6. HP: 13/51 MP: 6/6
  2781 | D:4      | HP: 11/51 [gnoll/+0 spear (3)]
  2948 | D:4      | Paralysed by a goblin for 3 turns
  2952 | D:4      | Paralysed by a goblin for 5 turns
  3003 | D:4      | 3003 ||| RIP OSSUARY
  3032 | D:4      | 3032 ||| PLANNING D:1-11
  3269 | D:4      | Found Ylae's Assorted Antiques.
  3523 | D:4      | 3523 ||| READING scroll labelled YNGOTW EH YWN.
  3524 | D:4      | 3524 ||| DRINKING 2 dark potions.
  3525 | D:4      | 3525 ||| READING 3 scrolls of identify.
  3525 | D:4      | 3525 ||| IDENTIFYING glowing amethyst potion
  3526 | D:4      | 3526 ||| READING 2 scrolls of identify.
  3526 | D:4      | 3526 ||| IDENTIFYING murky grey potion
  3565 | D:5      | Entered Level 5 of the Dungeon
  3626 | D:5      | Noticed Blork the orc
  3638 | D:5      | Killed Blork the orc
  3638 | D:5      | HP: 11/52 [gnoll/+1 flail of holy wrath (5)]
  3639 | D:5      | 3639 ||| READING scroll of teleportation.
  3639 | D:5      | HP: 5/52 [gnoll/+0 spear (5)]
  3639 | D:5      | Slain by a gnoll

Levels and vault maps discovered:
D:1:      dpeg_arrival_pits, layout_loops_corners, serial_shops, shop
D:2:      layout_rooms, minmay_rat_gold_closets, uniq_jessica
D:3:      layout_basic, serial_shops, nicolae_shop_back_alley_shop,
          gammafunk_ghost_abyssal_escape
D:4:      layout_loops_cross, mainiacjoe_overflow_paths,
          mainiacjoe_overflow_chevrons, enter_ossuary_5, serial_shops,
          shop_statue, nicolae_letterblocks [nicolae_letter_subblock,
          nicolae_letter_subblock, nicolae_letter_subblock,
          nicolae_letter_subblock, nicolae_letter_subblock,
          nicolae_letter_subblock, nicolae_letter_subblock,
          nicolae_letter_subblock, nicolae_letter_subblock,
          nicolae_letter_subblock, nicolae_letter_subblock,
          nicolae_letter_subblock, nicolae_letter_subblock,
          nicolae_letter_subblock, nicolae_letter_subblock,
          nicolae_letter_subblock, nicolae_letter_subblock,
          nicolae_letter_subblock, nicolae_letter_subblock,
          nicolae_letter_subblock, nicolae_letter_subblock,
          nicolae_letter_subblock, nicolae_letter_subblock,
          nicolae_letter_subblock, nicolae_letter_subblock]
D:5:      layout_cave_pools, minmay_temple_entry_glass,
          gammafunk_ghost_nasty_kobolds, minivault_1, minmay_misc_feat_ornament,
          uniq_blork_the_orc, uniq_prince_ribbit1

Skill      XL: |  1  2  3  4  5  6 |
---------------+-------------------+-----
Ranged Weapons | 3 4 5 6 |  6.6
Fighting       | 2 3 4 |  4.3
Armour         | 1 |  1.0
Dodging        | |  2.1
Spellcasting   | |  1.0
Hexes          | |  2.0

Action                     |  1- 3 |  4- 6 || total
---------------------------+-------+-------++-------
   Fire: Sling             |    82 |   242 ||   324
    Use: Scroll            |     6 |     8 ||    14
         Potion            |       |     2 ||     2
 Armour: Robe              |     7 |       ||     7
         Leather armour    |     9 |     6 ||    15
         Ring mail         |       |    76 ||    76
  Dodge: Dodged            |    16 |    80 ||    96

Table legend:
 A = Non-vault XP
 B = Vault XP
 C = Vault XP percentage of total XP
 D = Non-vault monster count
 E = Vault monster count
 F = Vault count percentage of total count
                 A         B        C        D         E       F
            +---------+---------+-------+---------+---------+-------
      Total |     445 |     145 |  24.6 |      80 |      10 |  11.1
            +---------+---------+-------+---------+---------+-------
        D:1 |      28 |       0 |   0.0 |      16 |       0 |   0.0
        D:2 |      50 |      45 |  47.4 |      17 |       9 |  34.6
        D:3 |      31 |       0 |   0.0 |      17 |       0 |   0.0
        D:4 |     326 |       0 |   0.0 |      28 |       0 |   0.0
        D:5 |      10 |     100 |  90.9 |       2 |       1 |  33.3
            +---------+---------+-------+---------+---------+-------
